Unix NetHack Version 3.7.0-66 Work-in-progress - last build Dec 5 2022 03:26:57 (dbea811729ade750c4c0c7f8ab6145c62533a6e7,branch:master).

Game began 2022-12-24 14:15:23, ended 2022-12-24 20:35:32.

Gandelf, neutral female human Monk

  
stone
stone
stone
stone
stone
stone
stone
stone
stone
stone
stone
stone
stone
stone
stone
stone
stone
stone
stone
stone
stone
stone
stone
stone
stone
stone
stone
stone
stone
stone
stone
stone
stone
stone
stone
stone
stone
stone
stone
stone
stone
stone
stone
stone
stone
stone
stone
stone
stone
stone
stone
stone
stone
stone
stone
stone
stone
stone
stone
stone
stone
stone
stone
stone
stone
stone
stone
stone
stone
stone
stone
stone
stone
stone
stone
stone
stone
stone
stone
stone
stone
stone
stone
stone
stone
stone
stone
stone
stone
stone
stone
stone
stone
stone
stone
stone
stone
stone
stone
stone
stone
stone
stone
stone
stone
stone
stone
stone
stone
stone
stone
stone
stone
stone
stone
stone
stone
stone
stone
stone
stone
stone
stone
stone
stone
stone
stone
stone
stone
stone
stone
stone
stone
stone
stone
stone
stone
stone
stone
stone
stone
stone
stone
stone
stone
stone
stone
stone
stone
stone
stone
stone
stone
stone
stone
stone
stone
stone
stone
stone
stone
stone
stone
stone
stone
stone
stone
stone
stone
stone
stone
stone
stone
stone
stone
stone
stone
stone
stone
stone
stone
stone
stone
stone
stone
stone
stone
stone
stone
stone
stone
stone
stone
stone
stone
stone
stone
stone
stone
stone
stone
stone
stone
stone
stone
stone
stone
stone
stone
stone
stone
stone
stone
stone
stone
stone
stone
stone
stone
stone
stone
stone
stone
stone
stone
stone
stone
stone
stone
stone
stone
stone
stone
stone
stone
stone
stone
stone
stone
stone
stone
stone
stone
stone
stone
stone
stone
stone
stone
stone
stone
stone
stone
stone
stone
stone
stone
stone
stone
stone
stone
stone
stone
wall
wall
wall
wall
wall
wall
wall
wall
wall
wall
wall
wall
wall
wall
wall
wall
wall
wall
wall
wall
wall
wall
wall
wall
stone
stone
stone
stone
stone
stone
stone
stone
stone
stone
stone
stone
stone
stone
stone
stone
stone
stone
stone
stone
stone
stone
stone
stone
stone
stone
stone
stone
stone
stone
stone
stone
stone
stone
stone
stone
stone
stone
stone
stone
stone
stone
stone
stone
stone
stone
stone
stone
stone
stone
stone
stone
stone
stone
stone
wall
.dark part of a room
.dark part of a room
.dark part of a room
.dark part of a room
.dark part of a room
.dark part of a room
.dark part of a room
.dark part of a room
.dark part of a room
.dark part of a room
.dark part of a room
.dark part of a room
.dark part of a room
.dark part of a room
.dark part of a room
.dark part of a room
.dark part of a room
.dark part of a room
.dark part of a room
.dark part of a room
.dark part of a room
.dark part of a room
wall
stone
stone
stone
stone
stone
stone
stone
stone
stone
stone
stone
stone
stone
stone
stone
stone
stone
stone
stone
stone
stone
stone
stone
stone
stone
stone
stone
stone
stone
stone
stone
stone
stone
stone
stone
stone
stone
stone
stone
stone
stone
stone
stone
stone
stone
stone
stone
stone
stone
stone
stone
stone
stone
stone
stone
wall
.dark part of a room
wall
wall
wall
wall
wall
wall
wall
wall
wall
wall
wall
wall
wall
wall
wall
wall
wall
wall
wall
.dark part of a room
.dark part of a room
wall
stone
stone
stone
stone
stone
stone
stone
stone
stone
stone
stone
stone
stone
stone
stone
stone
stone
stone
stone
stone
stone
stone
stone
stone
stone
stone
stone
stone
stone
stone
stone
stone
stone
stone
stone
stone
stone
stone
stone
stone
stone
stone
stone
stone
stone
stone
stone
stone
stone
stone
stone
stone
stone
stone
stone
wall
.dark part of a room
wall
stone
stone
stone
stone
stone
stone
stone
stone
wall
wall
wall
wall
wall
stone
stone
stone
stone
wall
[a leather armor
wall
wall
wall
wall
stone
stone
stone
stone
stone
stone
stone
stone
stone
stone
stone
stone
stone
stone
stone
stone
stone
stone
stone
stone
stone
stone
stone
stone
stone
stone
stone
stone
stone
stone
stone
stone
stone
stone
stone
stone
stone
stone
stone
stone
stone
stone
stone
stone
stone
stone
stone
stone
stone
stone
stone
stone
stone
wall
.dark part of a room
wall
stone
stone
stone
stone
stone
stone
stone
stone
wall
.dark part of a room
.dark part of a room
.dark part of a room
wall
wall
stone
stone
wall
wall
.dark part of a room
wall
.dark part of a room
.dark part of a room
wall
stone
stone
stone
stone
stone
stone
stone
stone
stone
stone
stone
stone
stone
stone
stone
stone
stone
stone
stone
stone
stone
stone
stone
stone
stone
stone
stone
stone
stone
stone
stone
stone
stone
stone
stone
stone
stone
stone
stone
stone
stone
stone
stone
stone
stone
stone
stone
stone
stone
stone
stone
stone
stone
wall
.dark part of a room
wall
stone
stone
stone
stone
stone
stone
stone
stone
wall
.dark part of a room
.dark part of a room
.dark part of a room
.dark part of a room
wall
wall
wall
wall
.dark part of a room
.dark part of a room
.dark part of a room
.dark part of a room
.dark part of a room
wall
stone
stone
stone
stone
stone
stone
stone
stone
stone
stone
stone
stone
stone
stone
stone
stone
stone
stone
stone
stone
stone
stone
stone
stone
stone
stone
stone
stone
stone
stone
stone
stone
stone
stone
stone
stone
stone
stone
stone
stone
stone
stone
stone
stone
stone
stone
stone
stone
stone
stone
stone
stone
stone
wall
.dark part of a room
wall
stone
stone
stone
stone
stone
stone
stone
stone
wall
.dark part of a room
.dark part of a room
.dark part of a room
.dark part of a room
wall
.dark part of a room
.dark part of a room
wall
.dark part of a room
.dark part of a room
.dark part of a room
.dark part of a room
0a boulder
wall
stone
stone
stone
stone
stone
stone
stone
stone
stone
stone
stone
stone
stone
stone
stone
stone
stone
stone
stone
stone
stone
stone
stone
stone
stone
stone
stone
stone
stone
stone
stone
stone
stone
stone
stone
stone
stone
stone
stone
stone
stone
stone
stone
stone
stone
stone
stone
stone
stone
stone
stone
stone
stone
wall
.dark part of a room
wall
stone
stone
stone
stone
stone
stone
stone
stone
wall
wall
0a boulder
.dark part of a room
.dark part of a room
.dark part of a room
.dark part of a room
.dark part of a room
wall
.dark part of a room
.dark part of a room
.dark part of a room
.dark part of a room
wall
wall
stone
stone
stone
stone
stone
stone
stone
stone
stone
stone
stone
stone
stone
stone
stone
stone
stone
stone
stone
stone
stone
stone
stone
stone
stone
stone
stone
stone
stone
stone
stone
stone
stone
stone
stone
stone
stone
stone
stone
stone
stone
stone
stone
stone
stone
stone
stone
stone
stone
stone
stone
stone
stone
wall
.dark part of a room
wall
wall
wall
wall
wall
wall
wall
stone
stone
stone
wall
1unknown creature causing you concern
.dark part of a room
.dark part of a room
wall
.dark part of a room
.dark part of a room
.dark part of a room
.dark part of a room
.dark part of a room
.dark part of a room
.dark part of a room
wall
stone
stone
stone
stone
stone
stone
stone
stone
stone
stone
stone
stone
stone
stone
stone
stone
stone
stone
stone
stone
stone
stone
stone
stone
stone
stone
stone
stone
stone
stone
stone
stone
stone
stone
stone
stone
stone
stone
stone
stone
stone
stone
stone
stone
stone
stone
stone
stone
stone
stone
stone
stone
stone
stone
wall
.dark part of a room
wall
1unknown creature causing you concern
qleocrotta, asleep
Wbarrow wight, asleep
:lizard, asleep
'flesh golem
wall
wall
wall
stone
wall
.dark part of a room
.dark part of a room
.dark part of a room
wall
.dark part of a room
.dark part of a room
wall
.dark part of a room
.dark part of a room
.dark part of a room
.dark part of a room
wall
stone
stone
stone
stone
stone
stone
stone
stone
stone
stone
stone
stone
stone
stone
stone
stone
stone
stone
stone
stone
stone
stone
stone
stone
stone
stone
stone
stone
stone
stone
stone
stone
stone
stone
stone
stone
stone
stone
stone
stone
stone
stone
stone
stone
stone
stone
stone
stone
stone
stone
stone
stone
stone
stone
wall
.dark part of a room
wall
.floor of a room
rgiant rat, asleep
.floor of a room
upeaceful pony, asleep
:iguana, asleep
+closed door
.dark part of a room
wall
stone
wall
.dark part of a room
.dark part of a room
.dark part of a room
wall
wall
wall
wall
.dark part of a room
.dark part of a room
.dark part of a room
.dark part of a room
wall
stone
stone
stone
stone
stone
stone
stone
stone
stone
stone
stone
stone
stone
stone
stone
stone
stone
stone
stone
stone
stone
stone
stone
stone
stone
stone
stone
stone
stone
stone
stone
stone
stone
stone
stone
stone
stone
stone
stone
stone
stone
stone
stone
stone
stone
stone
stone
stone
stone
stone
stone
stone
stone
stone
wall
.dark part of a room
wall
nmountain nymph
.floor of a room
@human monk called Gandelf
$233 gold pieces
jblue jelly, asleep
wall
wall
wall
stone
wall
wall
.dark part of a room
.dark part of a room
wall
.dark part of a room
.dark part of a room
.dark part of a room
.dark part of a room
.dark part of a room
.dark part of a room
.dark part of a room
wall
stone
stone
stone
stone
stone
stone
stone
stone
stone
stone
stone
stone
stone
stone
stone
stone
stone
stone
stone
stone
stone
stone
stone
stone
stone
stone
stone
stone
stone
stone
stone
stone
stone
stone
stone
stone
stone
stone
stone
stone
stone
stone
stone
stone
stone
stone
stone
stone
stone
stone
stone
stone
stone
stone
wall
1unknown creature causing you concern
+closed door
.floor of a room
.floor of a room
mgiant mimic, holding you
Mettin mummy, asleep
qrothe, asleep
+closed door
.dark part of a room
wall
stone
stone
wall
wall
.dark part of a room
wall
.dark part of a room
.dark part of a room
.dark part of a room
.dark part of a room
wall
wall
wall
wall
stone
stone
stone
stone
stone
stone
stone
stone
stone
stone
stone
stone
stone
stone
stone
stone
stone
stone
stone
stone
stone
stone
stone
stone
stone
stone
stone
stone
stone
stone
stone
stone
stone
stone
stone
stone
stone
stone
stone
stone
stone
stone
stone
stone
stone
stone
stone
stone
stone
stone
stone
stone
stone
stone
wall
wall
wall
.floor of a room
Fgreen mold, asleep
jochre jelly, asleep
ddingo, asleep
uwarhorse, asleep
wall
wall
wall
stone
stone
stone
wall
.dark part of a room
wall
wall
.dark part of a room
wall
wall
wall
stone
stone
stone
stone
stone
stone
stone
stone
stone
stone
stone
stone
stone
stone
stone
stone
stone
stone
stone
stone
stone
stone
stone
stone
stone
stone
stone
stone
stone
stone
stone
stone
stone
stone
stone
stone
stone
stone
stone
stone
stone
stone
stone
stone
stone
stone
stone
stone
stone
stone
stone
stone
stone
stone
stone
stone
stone
stone
stone
wall
xxan, asleep
@Grey-elf, asleep
upony, asleep
Zdwarf zombie, asleep
asoldier ant, asleep
+closed door
.dark part of a room
wall
stone
stone
stone
wall
.dark part of a room
.dark part of a room
.dark part of a room
.dark part of a room
.dark part of a room
wall
stone
stone
stone
stone
stone
stone
stone
stone
stone
stone
stone
stone
stone
stone
stone
stone
stone
stone
stone
stone
stone
stone
stone
stone
stone
stone
stone
stone
stone
stone
stone
stone
stone
stone
stone
stone
stone
stone
stone
stone
stone
stone
stone
stone
stone
stone
stone
stone
stone
stone
stone
stone
stone
stone
stone
stone
stone
stone
stone
stone
wall
hdwarf, asleep
:gecko, asleep
:gecko, asleep
bquivering blob, asleep
Morc mummy, asleep
wall
wall
wall
stone
stone
stone
wall
.dark part of a room
.dark part of a room
wall
.dark part of a room
>staircase down
wall
stone
stone
stone
stone
stone
stone
stone
stone
stone
stone
stone
stone
stone
stone
stone
stone
stone
stone
stone
stone
stone
stone
stone
stone
stone
stone
stone
stone
stone
stone
stone
stone
stone
stone
stone
stone
stone
stone
stone
stone
stone
stone
stone
stone
stone
stone
stone
stone
stone
stone
stone
stone
stone
stone
stone
stone
stone
stone
stone
stone
wall
wall
wall
wall
wall
wall
wall
stone
stone
stone
stone
stone
wall
wall
wall
wall
wall
wall
wall
stone
stone
stone
stone
stone
stone
stone
stone
stone
stone
stone
stone
stone
stone
stone
stone
stone
stone
stone
stone
stone
stone
stone
stone
stone
stone
stone
stone
stone
stone
stone
stone
stone
stone
stone
stone
stone
stone
stone
stone
stone
stone
stone
stone
stone
stone
stone
stone
stone
stone
stone
stone
stone
stone
stone
stone
stone
stone
stone
stone
stone
stone
stone
stone
stone
stone
stone
stone
stone
stone
stone
stone
stone
stone
stone
stone
stone
stone
stone
stone
stone
stone
stone
stone
stone
stone
stone
stone
stone
stone
stone
stone
stone
stone
stone
stone
stone
stone
stone
stone
stone
stone
stone
stone
stone
stone
stone
stone
stone
stone
stone
[Gandelf the Initiate ] St:18/01 Dx:14 Co:13 In:11 Wi:9 Ch:10 Neutral S:13926 Dlvl:4 $:1286 HP:0(58) Pw:41(41) AC:-5 Xp:9/3055 T:8205 Burdened

Latest messages:

The ogre's body takes on a strange transparency.
You hit the invisible ogre!
The invisible ogre turns to flee.
The invisible ogre picks up some gold.
You kill the invisible ogre!
You have a little trouble lifting $ - 96 gold pieces (1286 in total).
You hit the mountain nymph!
The mountain nymph charms you. You gladly start removing your shoes.
The mountain nymph stole an uncursed pick-axe.
The giant mimic hits!
The giant mimic hits!
The mountain nymph stole an uncursed tripe ration.
The mountain nymph stole an unlabeled scroll.
You can move again.
The mountain nymph steals a +3 pair of iron shoes!
A mysterious force prevents the mountain nymph from teleporting!
You cannot escape from the giant mimic!
You cannot escape from the giant mimic!
You cannot escape from the giant mimic!
The giant mimic misses!
The giant mimic misses!
You cannot escape from the giant mimic!
You cannot escape from the giant mimic!
You cannot escape from the giant mimic!
The giant mimic hits!
The giant mimic hits!
You cannot escape from the giant mimic!
You cannot escape from the giant mimic!
You cannot escape from the giant mimic!
You cannot escape from the giant mimic!
You cannot escape from the giant mimic!
You cannot escape from the giant mimic!
The giant mimic misses!
The giant mimic just misses!
You hit the giant mimic!
The giant mimic hits!
The giant mimic hits!
You hit the giant mimic!
You hit the giant mimic!
You miss the giant mimic.
You hit the giant mimic!
You hit the giant mimic!
The giant mimic hits!
The giant mimic hits!
You die...
Do you want your possessions identified? [ynq] (y) y
Do you want to see your attributes? [ynq] (y) y
Do you want an account of creatures vanquished? [ynaq] (y) y
Do you want to see your conduct and achievements? [ynq] (y) y
Do you want to see the dungeon overview? [ynq] (y) y

Inventory:

Coins

$ - 1286 gold pieces

Weapons

v - 5 +0 shuriken (at the ready)

Armor

J - an uncursed +0 dwarvish iron helm (being worn)
a - a blessed +3 pair of leather gloves (being worn)
K - a blessed +1 dwarvish roundshield (being worn)
P - a cursed -1 mummy wrapping
b - a blessed +4 robe (being worn)

Comestibles

h - 5 uncursed apples
g - 2 uncursed food rations
j - an uncursed fortune cookie
i - 6 uncursed oranges
p - an uncursed egg

Scrolls

x - an uncursed scroll of blank paper
m - an uncursed scroll of create monster
w - an uncursed scroll of enchant weapon
M - an uncursed scroll of fire

Spellbooks

U - a cursed spellbook of cause fear
s - an uncursed spellbook of charm monster
t - an uncursed spellbook of confuse monster
Z - a cursed spellbook of detect monsters
y - a cursed spellbook of force bolt
c - a blessed spellbook of healing

Potions

Y - a cursed potion of extra healing
B - a cursed potion of gain ability
r - an uncursed potion of healing
R - a cursed potion of oil
X - a cursed potion of restore ability
C - an uncursed potion of see invisible
f - a potion of holy water
A - an uncursed potion of water
V - a potion of unholy water

Rings

I - an uncursed ring of invisibility
N - a cursed ring of polymorph
T - an uncursed ring of searching

Wands

Q - a cursed wand of create monster (0:12)
S - a cursed wand of death (0:6)
u - a wand of light (0:13)
e - a wand of locking (0:8)
W - a wand of striking (0:1)
q - a wand of undead turning (0:6)

Tools

l - an uncursed bell
o - a cursed blindfold
d - a blessed magic marker (0:17)
z - an uncursed mirror
k - an uncursed skeleton key
F - a cursed tallow candle
n - an uncursed towel

Gems/Stones

L - an uncursed worthless piece of blue glass
O - an uncursed worthless piece of red glass

Gandelf the Monk's attributes:


Background:

You were an Initiate, a level 9 female human Monk.
You were neutral, on a mission for Chih Sung-tzu
who was opposed by Shan Lai Ching (lawful) and Huan Ti (chaotic).
You started out male.
You were in Sokoban, on level 4.
You entered the dungeon 8205 turns ago.
There was a new moon in effect when your adventure ended.
You had 3055 experience points, 2065 more were needed to attain level 10.
Your score was 13926 before end-of-game adjustments.

Basics:

You had 0 out of 58 hit points.
You had all 41 energy points (spell power).
Your armor class was -5.
Your wallet contained 1286 zorkmids.
Autopickup was on for '$?!+/=' plus thrown.

Final Characteristics:

Your strength was 18/01 (limit:18/100).
Your dexterity was 14 (peak:15, limit:18).
Your constitution was 13 (limit:18).
Your intelligence was 11 (limit:18).
Your wisdom was 9 (peak:12, limit:18).
Your charisma was 10 (limit:18).

Final Status:

You were held by a giant mimic (south).
You were not hungry.
You were burdened; movement was slightly slowed.
You were empty handed.
You had basic skill with martial arts and could have enhanced that.

Final Attributes:

You were piously aligned.
You were sleep resistant.
You were poison resistant.
You saw invisible.
You were telepathic.
You were warned.
You had automatic searching.
You were stealthy.
You were guarded.
You were fast.
You were unlucky.
You are dead.

Miscellaneous:
You encountered 1 bones level.
Total elapsed playing time was 1 hour, 11 minutes and 26 seconds.

Major events:

Turn

1: Gandelf the neutral male human Monk entered the dungeon
793: entered the Gnomish Mines
794: attained the rank of Novice (level 3)
1265: attained the rank of Initiate (level 6)
1427: reached Mine Town
3058: destroyed WizzyTheWeird's ghost, the former Conjurer
4823: entered Sokoban
5187: completed 1st Sokoban level
6233: completed 2nd Sokoban level
6863: completed 3rd Sokoban level
7945: completed 4th Sokoban level
8205: killed by a giant mimic

Vanquished creatures:

a ghost
a giant mimic
a wumpus
a small mimic
a large cat
a tiger
a tengu
a leocrotta
a human mummy
a leather golem
a Grey-elf
a giant beetle
a quivering blob
a cockatrice
a gremlin
2 leprechauns
a giant spider
2 black lights
a gnome ruler
an ogre
an owlbear
2 gold golems
a werewolf
a lizard
a dingo
a dust vortex
a raven
a snake
an ape
2 human zombies
a rope golem
7 Woodland-elves
2 soldier ants
a fire ant
2 wood nymphs
4 water nymphs
2 rock piercers
2 rock moles
3 yellow lights
8 gnome leaders
a gnomish wizard
a kobold mummy
a gray ooze
a ghoul
3 straw golems
2 paper golems
a giant ant
a little dog
3 floating eyes
10 dwarves
a kobold shaman
6 hill orcs
3 rothes
2 giant bats
a wererat
2 iguanas
8 killer bees
3 coyotes
a gas spore
4 hobbits
a large kobold
a giant rat
a cave spider
a brown mold
2 yellow molds
a green mold
28 gnomes
a gnome zombie
3 geckos
5 jackals
2 foxes
a kobold
2 goblins
5 sewer rats
4 grid bugs
3 bats
4 lichens
8 newts
194 creatures vanquished.
No species were genocided or became extinct.

Voluntary challenges:

You read items or engraved 15 times.
You never engraved Elbereth.
You never genocided any monsters.
You never polymorphed an object.
You never changed form.
You used no wishes.
You violated the special Sokoban rules thrice.

Achievements:

You entered the Gnomish Mines.
You attained the rank of Novice.
You attained the rank of Initiate.
You entered Minetown.
You entered a temple.
You entered a shop.
You entered Sokoban.

The Dungeons of Doom: levels 1 to 8

   Level 1:
A fountain, a sink.
Level 2:
Some fountains, a grave.
Stairs down to The Gnomish Mines.
Level 3:
An altar, some fountains.
Level 4:
An altar to Chih Sung-tzu, a fountain.
Level 5:
Some fountains.
Final resting place for
WizzyTheWeird-Wiz-Hum-Mal-Neu, killed by a rothe.
Level 6:
A grave.
Level 7:
Level 8:
A fountain.
Stairs up to Sokoban, level 7.

The Gnomish Mines: levels 3 to 6

   Level 3:
Level 4:
Level 5:
Level 6:
Many shops, a temple, some fountains.

Sokoban: levels 7 up to 4

   Level 4: <- You were here.
Solved.
Final resting place for
you, killed by a giant mimic.
Level 5:
Solved.
Level 6:
Solved.
Level 7:
Solved.

Game over:

----------
/ \
/ REST \
/ IN \
/ PEACE \
/ \
| Gandelf |
| 1286 Au |
| killed by a |
| giant mimic |
| |
| |
| 2022 |
*| * * * | *
_________)/\\_//(\/(/\)/\//\/|_)_______

Goodbye Gandelf the Monk...


You died in Sokoban on dungeon level 4 with 13798 points,
and 1286 pieces of gold, after 8205 moves.
You were level 9 with a maximum of 58 hit points when you died.